 Dungeon Crawl Stone Soup version 0.23.2-40-g277498a (webtiles) character file.

Game seed: 3915284305947301466

124 zhovat1 the Magician (level 4, -4/25 HPs)
             Began as a Deep Elf Fire Elementalist on Aug 14, 2019.
             Killed from afar by an orc wizard (10 damage)
             ... with a magic dart
             ... on level 3 of the Dungeon.
             The game lasted 00:03:12 (2068 turns).

zhovat1 the Magician (Deep Elf Fire Elementalist)   Turns: 2068, Time: 00:03:12

Health: -4/25      AC:  3    Str:  5    XL:     4   Next: 81%
Magic:  5/12       EV: 14    Int: 21    God:
Gold:   152        SH:  0    Dex: 15    Spells: 4/11 levels left

rFire    . . .     SeeInvis .   (no weapon)
rCold    + . .     Gourm    .   (no shield)
rNeg     . . .     Faith    .   a - +1 robe
rPois    .         Spirit   .   (no helmet)
rElec    .         Reflect  .   (no cloak)
rCorr    .         Harm     .   (no gloves)
MR       .....                  (no boots)
Stlth    +.........             (no amulet)
HPRegen  0.08/turn              b - ring of protection from cold
MPRegen  0.13/turn              (no ring)

@: confused
A: no striking features
a: no special abilities


You were on level 3 of the Dungeon.
You were not hungry.

You visited 1 branch of the dungeon, and saw 3 of its levels.

You collected 152 gold pieces.

Inventory:

Armour
 a - a +1 robe (worn)
Jewellery
 b - a ring of protection from cold (left hand)
Scrolls
 d - a scroll of teleportation
 i - a scroll of enchant armour
 j - 2 scrolls of magic mapping {unknown}
 o - a scroll of amnesia {unknown}
Potions
 f - a potion of haste {unknown}
 g - 3 potions of brilliance {unknown}
 h - 2 potions of agility {unknown}
 k - 4 potions of heal wounds {unknown}
 l - a potion of flight {unknown}
Comestibles
 c - 4 rations


   Skills:
 + Level 1.4 Fighting
 + Level 3.4 Dodging
 - Level 2.4 Stealth
 + Level 4.0 Spellcasting
 + Level 2.4 Conjurations
 + Level 4.0 Fire Magic


You had 4 spell levels left.
You knew the following spells:

 Your Spells              Type           Power        Failure   Level  Hunger
a - Flame Tongue          Conj/Fire      ###..        3%          1    None
b - Throw Flame           Conj/Fire      ###...       4%          2    #......
c - Sticky Flame          Conj/Fire      ###.....     30%         4    ####...

Your spell library contained the following spells:

 Spells                   Type           Power        Failure   Level  Hunger
 Conjure Flame            Conj/Fire      ###.....     10%         3    ###....
 Inner Flame              Hex/Fire       ##......     16%         3    ###....
 Fireball                 Conj/Fire      ###.......   65%         5    ######.


Dungeon Overview and Level Annotations

Branches:
Dungeon (3/15)

Altars:


Message History

Something hits you.
Found a stone staircase leading up.
You see here a scroll labeled IZARGH OCINYL.
j - 2 scrolls labeled IZARGH OCINYL (gained 1)
An orc wizard appears from thin air!
Reactivating autopickup.
The orc wizard points at you and mumbles some strange words.
You are confused.
You're too confused to cast spells.
Sorry, you're not good enough to have a special ability.
Unknown command.
You're too confused to cast spells.
Sorry, you're not good enough to have a special ability.
Unknown command.
The orc wizard hits you with a +0 dagger.
* * * LOW HITPOINT WARNING * * *
You bump into the rock wall.
The orc wizard points at you and mumbles some strange words.
The magic dart hits you!
You die...

###.##..#...#.##†# .
#.##..#.....##.#
#.........#.##.#
#####.#.....##.#
#######.#.#{####.#
........#.#..# #.# #
######÷.#.#..###.###.#
# #.......#
.#...o...##.# #
####..#.#....#@.......#
............##..##.#
.............# .....
.............. ......
..............# ...##.#
##........##.#...# #.##
# .o..... .. #.....# .#
....... #.<.... ###....


You could see an orc wizard.

Vanquished Creatures
  An orc wizard (D:3)
  6 adders
  2 dart slugs
  A leopard gecko (D:2)
  An orc (D:3)
  3 bats (D:1)
  A giant cockroach (D:3)
  8 goblins
  4 hobgoblins
  2 kobolds
  2 quokkas
  A frilled lizard (D:2)
  2 rats (D:1)
34 creatures vanquished.

Notes
Turn   | Place    | Note
-------+----------+-------------------------------------------
     0 | D:1      | zhovat1 the Deep Elf Fire Elementalist began the quest for
                  | the Orb.
     0 | D:1      | Reached XP level 1. HP: 10/10 MP: 6/6
   377 | D:1      | Reached XP level 2. HP: 15/15 MP: 4/8
  1187 | D:2      | Reached XP level 3. HP: 20/20 MP: 6/9
  1306 | D:2      | Reached skill level 1 in Fighting
  1452 | D:2      | Reached XP level 4. HP: 25/25 MP: 7/11
  1779 | D:2      | Learned a level 2 spell: Throw Flame
  1784 | D:2      | Learned a level 4 spell: Sticky Flame
  2068 | D:3      | Killed from afar by an orc wizard

Skill      XL: |  1  2  3  4 |
---------------+-------------+-----
Fighting       | 1 |  1.4
Dodging        | 3 |  3.4
Conjurations   | 2 |  2.4
Spellcasting   | 4 |  4.0
Fire Magic     | 4 |  4.0
Stealth        | |  2.4

Action                   |  1- 3 |  4- 6 || total
-------------------------+-------+-------++-------
Melee: Spear             |    21 |       ||    21
       Unarmed           |       |     2 ||     2
 Cast: Flame Tongue      |    41 |    24 ||    65
  Use: Scroll            |     3 |     4 ||     7
       Potion            |       |     2 ||     2
 Stab: Sleeping          |     1 |       ||     1
  Eat: Chunk             |     2 |     1 ||     3
Armor: Robe              |     5 |     5 ||    10
Dodge: Dodged            |    33 |    10 ||    43
